Influenza vs Tamiflu
(R1)
Created - 1 décembre 2013 at 22:10
Goals
|
| Influenza |
2 |
1 |
1 |
0 |
2 |
5 |
| Tamiflu |
1 |
1 |
2 |
0 |
0 |
4 |
|
Shots
|
| Influenza |
13 |
10 |
3 |
2 |
3 |
28 |
| Tamiflu |
13 |
11 |
9 |
1 |
2 |
34 |
|
1st period
1. Influenza , Ryan Vesce 13 (Marek Zagrapan, Adam Berti) at 12:08
2. Influenza , Ryan Carter 8 (Blake Comeau) at 12:44
3. Tamiflu , Adam Henrique 8 (Jordan Hendry, Petr Pohl) at 14:03
Penalties :
Robbie Earl (VJB) for Tripping (Minor) at 0:10, Nathan Oystrick (Det) for Kneeing (Major) at 12:17, Jaime Sifers (VJB) for Cross-checking (Minor) at 12:17
2nd period
4. Tamiflu , Petr Pohl 5 (Greg Mauldin, Cody Goloubef) at 7:19
5. Influenza , Jaime Sifers 1 (Blake Comeau, Ryan Carter) at 17:44 (PP)
Penalties :
Mike Brown (Det) for Tripping (Minor) at 2:05, Jimmy Bonneau (VJB) for Hooking (Minor) at 8:18, Jan Mursak (Det) for Slashing (Minor) at 14:07, Nathan Oystrick (Det) for Cross-checking (Minor) at 17:40, Cody Goloubef (Det) for Slashing (Minor) at 19:59
3rd period
6. Tamiflu , Nate Thompson 10 (Nathan Oystrick, Mike Brown) at 9:23 (PP)
7. Tamiflu , Petr Pohl 6 (Jonathan Sigalet, Nathan Oystrick) at 14:48
8. Influenza , Cody McCormick 6 (Martins Karsums, Jamie McBain) at 15:56 (PP)
Penalties :
Blake Comeau (VJB) for High sticking (Minor) at 9:17, Blake Comeau (VJB) for Roughing (Minor) at 9:34, Alex Picard (Det) for Slashing (Minor) at 14:53, Johan Fransson (Det) for Hooking (Minor) at 16:39
Overtime #1
No Goal
Penalties :
No Penalty
Shootout
Penalty Shot by Blake Comeau for Influenza - Goal!
Penalty Shot by Radek Bonk for Tamiflu - Stopped by Brent Krahn
Penalty Shot by Robbie Earl for Influenza - Stopped by Mike McKenna
Penalty Shot by Jani Rita for Tamiflu - Shot Misses the Net
Penalty Shot by Martins Karsums for Influenza - Goal!
Penalties :
No Penalty
Goalie Stats
Brent Krahn (VJB), 30 saves from 34 shots - (0,882), W, 6-6-1, 65:00 minutes
Mike McKenna (Det), 24 saves from 28 shots - (0,857), OTL, 8-2-4, 65:00 minutes
Players Stats for Influenza
Player Name G A P +/- PIM S H SB GA TA FO MP PP MP PK MP
------------------------------------------------------------------------------------
Adam Berti 0 1 1 0 0 0 2 1 0 0 0/1 12:54 0:20 1:31
Alexander Sulzer 0 0 0 -2 0 0 1 1 0 0 0/0 24:58 5:32 2:55
Ben Smith 0 0 0 0 0 1 3 0 0 1 3/9 16:27 3:02 0:00
Blake Comeau 0 2 2 0 4 4 1 0 1 0 3/11 24:58 6:15 1:57
Brian Salcido 0 0 0 1 0 0 1 2 1 0 0/0 9:03 0:02 0:00
Carl Gunnarsson 0 0 0 1 0 2 2 2 0 1 0/0 19:18 2:39 0:20
Cody McCormick 1 0 1 -1 0 8 4 0 0 0 6/10 17:42 5:05 0:53
Jaime Sifers 1 0 1 -1 2 2 1 3 0 0 0/0 17:09 3:54 2:12
Jamie McBain 0 1 1 -1 0 0 1 0 0 0 0/0 24:19 4:39 3:03
Jimmy Bonneau 0 0 0 0 2 0 1 0 0 0 0/1 9:03 0:00 0:46
Marek Zagrapan 0 1 1 0 0 1 1 0 1 1 0/5 12:51 1:41 0:26
Martins Karsums 0 1 1 -1 0 0 1 1 1 0 0/1 18:28 5:18 1:25
Noah Welch 0 0 0 0 0 1 0 2 3 1 0/0 30:51 7:21 3:29
Robbie Earl 0 0 0 0 2 0 1 0 0 0 1/1 19:06 5:59 0:16
Ryan Carter 1 1 2 0 0 4 1 1 0 0 9/16 13:22 3:06 1:50
Ryan Russell 0 0 0 -1 0 0 3 0 1 0 0/0 15:31 4:52 0:00
Ryan Vesce 1 0 1 0 0 4 0 0 0 0 0/0 12:23 0:30 1:25
Zac Dalpe 0 0 0 0 0 1 1 0 0 0 4/6 12:19 0:00 1:44
Players Stats for Tamiflu
Player Name G A P +/- PIM S H SB GA TA FO MP PP MP PK MP
------------------------------------------------------------------------------------
Adam Henrique 1 0 1 0 0 4 0 0 0 0 5/7 11:43 0:13 0:00
Alex Picard 0 0 0 -1 2 3 1 0 0 1 2/2 24:31 3:08 5:32
Carson Mcmillan 0 0 0 0 0 1 0 0 0 0 0/0 8:33 0:00 0:00
Casey Wellman 0 0 0 0 0 0 0 0 0 0 0/0 0:00 0:00 0:00
Cody Goloubef 0 1 1 1 2 2 2 0 1 0 0/0 12:42 0:00 0:57
Colin Greening 0 0 0 0 0 0 0 0 0 0 0/1 0:53 0:00 0:48
David Clarkson 0 0 0 -1 0 3 3 0 0 1 0/0 15:19 2:42 3:04
Greg Mauldin 0 1 1 2 0 2 1 0 0 0 0/0 10:48 0:00 2:30
Jan Mursak 0 0 0 2 2 0 1 0 0 1 0/1 7:21 0:00 0:00
Jani Rita 0 0 0 0 0 0 0 0 0 0 0/0 15:27 2:47 2:24
Johan Fransson 0 0 0 0 2 0 0 0 0 0 0/0 22:33 2:07 4:46
Johan Ryno 0 0 0 0 0 0 0 0 0 0 0/0 0:37 0:08 0:00
Jonathan Sigalet 0 1 1 0 0 1 0 2 0 1 0/0 30:08 3:56 6:13
Jordan Hendry 0 1 1 0 0 0 1 4 0 0 0/0 22:14 2:07 5:24
Justin Braun 0 0 0 0 0 0 0 0 0 0 0/0 0:00 0:00 0:00
Kyle Lawson 0 0 0 0 0 1 0 2 0 0 0/0 14:28 0:00 1:57
Mattias Tedenby 0 0 0 0 0 0 0 0 0 0 0/0 0:00 0:00 0:00
Mike Brown 0 1 1 0 2 2 3 1 2 1 0/3 17:45 3:08 0:00
Nate Thompson 1 0 1 -1 0 4 3 0 0 1 19/33 22:54 3:08 3:25
Nathan Oystrick 0 2 2 1 7 2 4 4 1 2 0/0 28:28 3:56 4:49
Nick Spaling 0 0 0 -1 0 2 2 0 0 0 0/0 9:52 0:00 0:00
Petr Pohl 2 1 3 3 0 2 1 0 0 0 0/0 9:34 0:08 0:00
Philippe Dupuis 0 0 0 0 0 0 0 0 0 0 0/0 0:00 0:00 0:00
Radek Bonk 0 0 0 0 0 5 3 2 0 0 9/14 20:01 2:47 6:23
Teemu Laakso 0 0 0 0 0 0 0 0 0 0 0/0 0:00 0:00 0:00
3 Stars
1 - Petr Pohl (Det)
2 - Ryan Carter (VJB)
3 - Cody McCormick (VJB)
Power Play
Influenza - 2 on 6 Attempt(s) - 33,33%
Tamiflu - 1 on 4 Attempt(s) - 25,00%
Penalty Kill
Influenza - 3 on 4 Attempt(s) - 75,00%
- Score 0 goal in Penalty Kill
Tamiflu - 4 on 6 Attempt(s) - 66,67%
- Score 0 goal in Penalty Kill
Official
Referees : Martell Rob and Pollock Kevin
Linesman : Derek Nansen and Don Henderson
Game Notes
Ryan Carter is injured at 18:42 of 2nd period (Bruised Right Foot)
Jaime Sifers is injured at 19:05 of 2nd period (Sprained Left Knee)
Brian Salcido is injured at 9:04 of 3rd period (Bruised Left Arm)
Finance
Level 1 -- Attendance: 1618 (80,90%) -- Ticket Income 48 540 $
Level 2 -- Attendance: 717 (71,70%) -- Ticket Income 8 604 $
Total Attendance: 2335 (77,83%)
Total Ticket Income: 57 144 $
Other Income: 2 857 $
Total Income: 60 001 $
Influenza
5 vs 5 Forward
Center Left Wing Right Wing Time % Phy DF OF
1 Ryan Carter Robbie Earl Blake Comeau 40 1 2 2
2 Cody McCormick Ryan Russell Martins Karsums 30 1 2 2
3 Marek Zagrapan Adam Berti Ryan Vesce 20 1 2 2
4 Zac Dalpe Jimmy Bonneau Ben Smith 10 1 2 2
5 vs 5 Defense
Defense Defense Time % Phy DF OF
1 Noah Welch Jaime Sifers 40 1 2 2
2 Jamie McBain Alexander Sulzer 30 1 2 2
3 Carl Gunnarsson Brian Salcido 20 1 2 2
4 Noah Welch Jaime Sifers 10 1 2 2
PowerPlay Forward
Center Left Wing Right Wing Time % Phy DF OF
1 Ryan Carter Robbie Earl Blake Comeau 60 1 2 2
2 Cody McCormick Ryan Russell Martins Karsums 40 1 2 2
PowerPlay Defense
Defense Defense Time % Phy DF OF
1 Noah Welch Jaime Sifers 60 1 2 2
2 Jamie McBain Alexander Sulzer 40 1 2 2
Penalty Kill 4 Players Forward
Center Wing Time % Phy DF OF
1 Blake Comeau Ryan Carter 60 1 2 2
2 Martins Karsums Ryan Vesce 40 1 2 2
Penalty Kill 4 Players Defense
Defense Defense Time % Phy DF OF
1 Noah Welch Jaime Sifers 60 1 2 2
2 Jamie McBain Alexander Sulzer 40 1 2 2
Penalty Kill - 3 Players Forward
Forward Time % Phy DF OF
1 Blake Comeau 60 1 2 2
2 Ryan Carter 40 1 2 2
Penalty Kill - 3 Players Defense
Defense Defense Time % Phy DF OF
1 Noah Welch Jaime Sifers 60 1 2 2
2 Jamie McBain Alexander Sulzer 40 1 2 2
4 vs 4 Forward
Center Wing Time % Phy DF OF
1 Blake Comeau Ryan Carter 60 1 2 2
2 Martins Karsums Ryan Vesce 40 1 2 2
4 vs 4 Defense
Defense Defense Time % Phy DF OF
1 Noah Welch Jaime Sifers 60 1 2 2
2 Jamie McBain Alexander Sulzer 40 1 2 2
Last Minutes Offensive
Center Left Wing Right Wing Defense Defense
Ryan Carter Robbie Earl Blake Comeau Noah Welch Jaime Sifers
Last Minutes Defensive
Center Left Wing Right Wing Defense Defense
Ryan Carter Robbie Earl Blake Comeau Noah Welch Jaime Sifers
Goaltenders
Starting : Brent Krahn
Backup : Alex Stalock
Extra Forwards
Normal : Ben Smith, Marek Zagrapan, Zac Dalpe - PP : Ben Smith, Marek Zagrapan - PK : Zac Dalpe
Extra Defensemen
Normal : Carl Gunnarsson, Brian Salcido, Jamie McBain - PP : Carl Gunnarsson - PK : Brian Salcido, Jamie McBain
Penalty Shots
Blake Comeau, Ryan Carter, Martins Karsums, Ryan Vesce, Robbie Earl
Tamiflu
5 vs 5 Forward
Center Left Wing Right Wing Time % Phy DF OF
1 Nate Thompson Alex Picard Mike Brown 40 1 2 2
2 Radek Bonk Jani Rita Carson Mcmillan 30 1 2 2
3 Adam Henrique Nick Spaling David Clarkson 25 1 2 2
4 Greg Mauldin Jan Mursak Petr Pohl 5 1 2 2
5 vs 5 Defense
Defense Defense Time % Phy DF OF
1 Jonathan Sigalet Nathan Oystrick 40 1 2 2
2 Johan Fransson Jordan Hendry 30 1 2 2
3 Kyle Lawson Cody Goloubef 20 1 2 2
4 Jonathan Sigalet Nathan Oystrick 10 1 2 2
PowerPlay Forward
Center Left Wing Right Wing Time % Phy DF OF
1 Nate Thompson Alex Picard Mike Brown 60 0 1 4
2 Radek Bonk Jani Rita David Clarkson 40 0 1 4
PowerPlay Defense
Defense Defense Time % Phy DF OF
1 Jonathan Sigalet Nathan Oystrick 70 0 2 3
2 Johan Fransson Jordan Hendry 30 0 2 3
Penalty Kill 4 Players Forward
Center Wing Time % Phy DF OF
1 Radek Bonk Alex Picard 60 1 4 0
2 Nate Thompson David Clarkson 40 1 4 0
Penalty Kill 4 Players Defense
Defense Defense Time % Phy DF OF
1 Jonathan Sigalet Nathan Oystrick 60 1 4 0
2 Johan Fransson Jordan Hendry 40 1 4 0
Penalty Kill - 3 Players Forward
Forward Time % Phy DF OF
1 Radek Bonk 60 1 4 0
2 Nate Thompson 40 1 4 0
Penalty Kill - 3 Players Defense
Defense Defense Time % Phy DF OF
1 Jonathan Sigalet Nathan Oystrick 60 1 4 0
2 Johan Fransson Jordan Hendry 40 1 4 0
4 vs 4 Forward
Center Wing Time % Phy DF OF
1 Nate Thompson Alex Picard 60 1 2 2
2 Radek Bonk Mike Brown 40 1 2 2
4 vs 4 Defense
Defense Defense Time % Phy DF OF
1 Jonathan Sigalet Nathan Oystrick 60 1 2 2
2 Johan Fransson Jordan Hendry 40 1 2 2
Last Minutes Offensive
Center Left Wing Right Wing Defense Defense
Nate Thompson Alex Picard Mike Brown Jonathan Sigalet Nathan Oystrick
Last Minutes Defensive
Center Left Wing Right Wing Defense Defense
Radek Bonk Alex Picard David Clarkson Jonathan Sigalet Nathan Oystrick
Goaltenders
Starting : Mike McKenna
Backup : Thomas Greiss
Extra Forwards
Normal : Adam Henrique, Petr Pohl, Radek Bonk - PP : Adam Henrique, Petr Pohl - PK : Greg Mauldin
Extra Defensemen
Normal : Kyle Lawson, Cody Goloubef, Jordan Hendry - PP : Kyle Lawson - PK : Kyle Lawson, Cody Goloubef
Penalty Shots
Radek Bonk, Jani Rita, Jonathan Sigalet, Carson Mcmillan, David Clarkson
% Time on Ice - Influenza
Lines # - Real PCT - Wanted PCT - Time Play
Normal Forward
1 - 38% - 40% - 15:07
2 - 26% - 30% - 10:21
3 - 19% - 20% - 7:44
4 - 17% - 10% - 6:43
Normal Defense
1 - 47% - 40% - 18:48
2 - 25% - 30% - 10:02
3 - 23% - 20% - 9:16
4 - 5% - 10% - 1:49
PP Forward
1 - 60% - 60% - 7:11
2 - 40% - 40% - 4:52
PP Defense
1 - 63% - 60% - 7:33
2 - 37% - 40% - 4:30
PK Forward
1 - 77% - 60% - 4:38
2 - 23% - 40% - 1:25
PK Defense
1 - 69% - 60% - 4:10
2 - 31% - 40% - 1:53
PK3 Forward
1 - 0% - 60%
2 - 0% - 40%
PK3 Defense
1 - 0% - 60%
2 - 0% - 40%
44 Forward
1 - 87% - 60% - 6:06
2 - 13% - 40% - 0:53
44 Defense
1 - 85% - 60% - 5:58
2 - 15% - 40% - 1:01
Last Minute Offensive - 0:00
Last Minute Defensive - 0:00
Total
Forward - 65:00
Defense - 65:00
|
% Time on Ice - Tamiflu
Lines # - Real PCT - Wanted PCT - Time Play
Normal Forward
1 - 35% - 40% - 14:07
2 - 22% - 30% - 8:37
3 - 25% - 25% - 9:52
4 - 18% - 5% - 7:19
Normal Defense
1 - 42% - 40% - 16:53
2 - 30% - 30% - 11:59
3 - 26% - 20% - 10:20
4 - 2% - 10% - 0:43
PP Forward
1 - 54% - 60% - 3:16
2 - 46% - 40% - 2:47
PP Defense
1 - 65% - 70% - 3:56
2 - 35% - 30% - 2:07
PK Forward
1 - 75% - 60% - 8:59
2 - 25% - 40% - 3:04
PK Defense
1 - 58% - 60% - 6:58
2 - 42% - 40% - 5:05
PK3 Forward
1 - 0% - 60%
2 - 0% - 40%
PK3 Defense
1 - 0% - 60%
2 - 0% - 40%
44 Forward
1 - 77% - 60% - 5:23
2 - 23% - 40% - 1:36
44 Defense
1 - 59% - 60% - 4:09
2 - 41% - 40% - 2:50
Last Minute Offensive - 0:00
Last Minute Defensive - 0:00
Total
Forward - 65:00
Defense - 65:00
|
Play by Play
1st period
0:01 of 1st period - Ryan Carter wins face-off versus Nate Thompson in neutral zone.
0:10 of 1st period - Minor Penalty to Robbie Earl for Tripping.
0:11 of 1st period - Blake Comeau wins face-off versus Nate Thompson in Influenza zone.
0:11 of 1st period - Blake Comeau is hit by Nathan Oystrick.
1:17 of 1st period - Snap shot by Ryan Carter.
1:17 of 1st period - Shot Blocked by Radek Bonk.
2:10 of 1st period - Penalty to Robbie Earl is over, Robbie Earl is back on ice.
2:38 of 1st period - Wrist shot by Martins Karsums.
2:38 of 1st period - Shot Blocked by Jordan Hendry.
2:44 of 1st period - Slapshot by Jordan Hendry.
2:44 of 1st period - Shot Misses the Net.
2:46 of 1st period - Slapshot by Nick Spaling.
2:46 of 1st period - Stopped by Brent Krahn with a rebound.
2:58 of 1st period - Cody McCormick is hit by Jan Mursak and loses puck.
3:50 of 1st period - Snap shot by Ryan Carter.
3:50 of 1st period - Shot Blocked by Kyle Lawson.
4:02 of 1st period - Snap shot by Adam Henrique.
4:02 of 1st period - Stopped by Brent Krahn with a rebound.
5:13 of 1st period - Nate Thompson is hit by Robbie Earl and loses puck.
5:20 of 1st period - Slapshot by Alex Picard.
5:20 of 1st period - Stopped by Brent Krahn without a rebound.
5:21 of 1st period - Radek Bonk wins face-off versus Marek Zagrapan in Influenza zone.
5:24 of 1st period - Wrist shot by Radek Bonk.
5:24 of 1st period - Stopped by Brent Krahn with a rebound.
5:26 of 1st period - Backhand shot by Jonathan Sigalet.
5:26 of 1st period - Shot Misses the Net.
5:34 of 1st period - Snap shot by Radek Bonk.
5:34 of 1st period - Stopped by Brent Krahn with a rebound.
5:36 of 1st period - Slapshot by Radek Bonk.
5:36 of 1st period - Stopped by Brent Krahn without a rebound.
5:37 of 1st period - Adam Henrique wins face-off versus Ryan Carter in Influenza zone.
5:40 of 1st period - Wrist shot by David Clarkson.
5:40 of 1st period - Shot Misses the Net.
6:08 of 1st period - Snap shot by Radek Bonk.
6:08 of 1st period - Stopped by Brent Krahn without a rebound.
6:09 of 1st period - Nate Thompson wins face-off versus Cody McCormick in Influenza zone.
6:12 of 1st period - Wrist shot by Alex Picard.
6:12 of 1st period - Stopped by Brent Krahn without a rebound.
6:13 of 1st period - Cody McCormick wins face-off versus Mike Brown in Influenza zone.
6:13 of 1st period - Cody McCormick is hit by Mike Brown.
6:23 of 1st period - Snap shot by Martins Karsums.
6:23 of 1st period - Shot Misses the Net.
6:43 of 1st period - Snap shot by Jani Rita.
6:43 of 1st period - Shot Misses the Net.
7:05 of 1st period - Wrist shot by Adam Henrique.
7:05 of 1st period - Stopped by Brent Krahn with a rebound.
7:07 of 1st period - Slapshot by Johan Fransson.
7:07 of 1st period - Shot Blocked by Jaime Sifers.
7:09 of 1st period - Snap shot by Johan Fransson.
7:09 of 1st period - Deflect By Adam Henrique.
7:09 of 1st period - Shot Misses the Net.
7:09 of 1st period - Puck is out of play.
7:10 of 1st period - Cody McCormick wins face-off versus Nate Thompson in Influenza zone.
7:10 of 1st period - Cody McCormick is hit by Jordan Hendry.
7:15 of 1st period - Off-side.
7:16 of 1st period - Cody McCormick wins face-off versus Nate Thompson in neutral zone.
7:27 of 1st period - Snap shot by Martins Karsums.
7:27 of 1st period - Shot Misses the Net.
7:29 of 1st period - Wrist shot by Cody McCormick.
7:29 of 1st period - Shot Blocked by Jordan Hendry.
7:31 of 1st period - Snap shot by Cody McCormick.
7:31 of 1st period - Shot Misses the Net.
7:45 of 1st period - Wrist shot by Ryan Vesce.
7:45 of 1st period - Stopped by Mike McKenna with a rebound.
7:47 of 1st period - Wrist shot by Marek Zagrapan.
7:47 of 1st period - Stopped by Mike McKenna without a rebound.
7:48 of 1st period - Radek Bonk wins face-off versus Marek Zagrapan in Tamiflu zone.
8:01 of 1st period - Snap shot by Radek Bonk.
8:01 of 1st period - Shot Blocked by Noah Welch.
8:03 of 1st period - Wrist shot by Radek Bonk.
8:03 of 1st period - Stopped by Brent Krahn with a rebound.
8:18 of 1st period - Wrist shot by Ryan Carter.
8:18 of 1st period - Stopped by Mike McKenna with a rebound.
8:20 of 1st period - Wrist shot by Jaime Sifers.
8:20 of 1st period - Shot Misses the Net.
8:22 of 1st period - Slapshot by Jaime Sifers.
8:22 of 1st period - Deflect By Ryan Carter.
8:22 of 1st period - Shot Blocked by Kyle Lawson.
8:22 of 1st period - Puck is out of play.
8:23 of 1st period - Alex Picard wins face-off versus Cody McCormick in Tamiflu zone.
8:23 of 1st period - Alex Picard is hit by Jamie McBain.
9:55 of 1st period - Jordan Hendry is hit by Ryan Russell and loses puck.
10:44 of 1st period - Slapshot by Adam Henrique.
10:44 of 1st period - Shot Blocked by Jaime Sifers.
10:53 of 1st period - Off-side.
10:54 of 1st period - Zac Dalpe wins face-off versus Jan Mursak in neutral zone.
10:57 of 1st period - Greg Mauldin is hit by Ben Smith and loses puck.
11:10 of 1st period - Jamie McBain is hit by Nathan Oystrick and loses puck.
11:44 of 1st period - Slapshot by Jani Rita.
11:44 of 1st period - Shot Blocked by Martins Karsums.
12:08 of 1st period - Wrist shot by Ryan Vesce.
12:08 of 1st period - Goal by Ryan Vesce - Influenza : 1 - Tamiflu : 0.
12:09 of 1st period - Ryan Carter wins face-off versus Nate Thompson in neutral zone.
12:17 of 1st period - Major Penalty to Nathan Oystrick for Kneeing.
12:17 of 1st period - Minor Penalty to Jaime Sifers for Cross-checking.
12:18 of 1st period - Nate Thompson wins face-off versus Blake Comeau in neutral zone.
12:23 of 1st period - Snap shot by Ryan Carter.
12:23 of 1st period - Shot Hit the Post.
12:25 of 1st period - Snap shot by Ryan Carter.
12:25 of 1st period - Stopped by Mike McKenna with a rebound.
12:27 of 1st period - Slapshot by Noah Welch.
12:27 of 1st period - Stopped by Mike McKenna without a rebound.
12:28 of 1st period - Nate Thompson wins face-off versus Blake Comeau in Tamiflu zone.
12:33 of 1st period - Wrist shot by Ryan Carter.
12:33 of 1st period - Stopped by Mike McKenna with a rebound.
12:35 of 1st period - Slapshot by Carl Gunnarsson.
12:35 of 1st period - Stopped by Mike McKenna without a rebound.
12:36 of 1st period - Nate Thompson wins face-off versus Blake Comeau in Tamiflu zone.
12:40 of 1st period - Off-side.
12:41 of 1st period - Blake Comeau wins face-off versus Nate Thompson in neutral zone.
12:44 of 1st period - Wrist shot by Ryan Carter.
12:44 of 1st period - Goal by Ryan Carter - Influenza : 2 - Tamiflu : 0.
12:45 of 1st period - Nate Thompson wins face-off versus Blake Comeau in neutral zone.
13:29 of 1st period - Snap shot by Mike Brown.
13:29 of 1st period - Stopped by Brent Krahn with a rebound.
14:03 of 1st period - Slapshot by Adam Henrique.
14:03 of 1st period - Goal by Adam Henrique - Influenza : 2 - Tamiflu : 1.
14:04 of 1st period - Nate Thompson wins face-off versus Blake Comeau in neutral zone.
14:09 of 1st period - Slapshot by Blake Comeau.
14:09 of 1st period - Stopped by Mike McKenna with a rebound.
14:17 of 1st period - Penalty to Jaime Sifers is over, Jaime Sifers is back on ice.
15:37 of 1st period - Snap shot by Martins Karsums.
15:37 of 1st period - Shot Hit the Post.
15:41 of 1st period - Snap shot by Cody McCormick.
15:41 of 1st period - Stopped by Mike McKenna with a rebound.
15:43 of 1st period - Snap shot by Noah Welch.
15:43 of 1st period - Shot Blocked by Jordan Hendry.
15:45 of 1st period - Wrist shot by Cody McCormick.
15:45 of 1st period - Deflect By Martins Karsums.
15:45 of 1st period - Shot Blocked by Jordan Hendry.
15:45 of 1st period - Puck is out of play.
15:46 of 1st period - Radek Bonk wins face-off versus Ryan Carter in Tamiflu zone.
17:17 of 1st period - Penalty to Nathan Oystrick is over, Nathan Oystrick is back on ice.
17:17 of 1st period - Snap shot by Ryan Vesce.
17:17 of 1st period - Stopped by Mike McKenna without a rebound.
17:18 of 1st period - Adam Henrique wins face-off versus Marek Zagrapan in Tamiflu zone.
17:33 of 1st period - Wrist shot by David Clarkson.
17:33 of 1st period - Stopped by Brent Krahn without a rebound.
17:34 of 1st period - Alex Picard wins face-off versus Zac Dalpe in Influenza zone.
17:46 of 1st period - Slapshot by Carl Gunnarsson.
17:46 of 1st period - Deflect By Jonathan Sigalet.
17:46 of 1st period - Stopped by Mike McKenna without a rebound.
17:47 of 1st period - Ryan Carter wins face-off versus Nate Thompson in Tamiflu zone.
19:18 of 1st period - Snap shot by David Clarkson.
19:18 of 1st period - Deflect By Adam Henrique.
19:18 of 1st period - Shot Blocked by Brian Salcido.
19:18 of 1st period - Puck is out of play.
19:19 of 1st period - Zac Dalpe wins face-off versus Adam Henrique in Influenza zone.
2nd period
0:01 of 2nd period - Nate Thompson wins face-off versus Ryan Carter in neutral zone.
0:06 of 2nd period - Slapshot by Nathan Oystrick.
0:06 of 2nd period - Stopped by Brent Krahn with a rebound.
0:23 of 2nd period - Icing by Nathan Oystrick.
0:24 of 2nd period - Radek Bonk wins face-off versus Cody McCormick in Tamiflu zone.
0:28 of 2nd period - Off-side.
0:29 of 2nd period - Cody McCormick wins face-off versus Radek Bonk in neutral zone.
0:38 of 2nd period - Snap shot by Cody McCormick.
0:38 of 2nd period - Shot Blocked by Nathan Oystrick.
0:40 of 2nd period - Slapshot by Cody McCormick.
0:40 of 2nd period - Stopped by Mike McKenna without a rebound.
0:41 of 2nd period - Nate Thompson wins face-off versus Ryan Carter in Tamiflu zone.
0:41 of 2nd period - Nate Thompson is hit by Blake Comeau.
0:49 of 2nd period - Wrist shot by Nate Thompson.
0:49 of 2nd period - Stopped by Brent Krahn with a rebound.
1:07 of 2nd period - Cody McCormick is hit by Radek Bonk and loses puck.
1:34 of 2nd period - Snap shot by Ryan Vesce.
1:34 of 2nd period - Stopped by Mike McKenna with a rebound.
1:36 of 2nd period - Snap shot by Adam Berti.
1:36 of 2nd period - Shot Misses the Net.
1:54 of 2nd period - Wrist shot by Greg Mauldin.
1:54 of 2nd period - Stopped by Brent Krahn with a rebound.
1:56 of 2nd period - Slapshot by Jonathan Sigalet.
1:56 of 2nd period - Stopped by Brent Krahn with a rebound.
1:58 of 2nd period - Slapshot by Jonathan Sigalet.
1:58 of 2nd period - Shot Blocked by Carl Gunnarsson.
2:05 of 2nd period - Minor Penalty to Mike Brown for Tripping.
2:06 of 2nd period - Ryan Carter wins face-off versus Radek Bonk in Tamiflu zone.
2:07 of 2nd period - Snap shot by Blake Comeau.
2:07 of 2nd period - Shot Misses the Net.
3:06 of 2nd period - Robbie Earl is hit by David Clarkson and loses puck.
4:05 of 2nd period - Penalty to Mike Brown is over, Mike Brown is back on ice.
4:32 of 2nd period - Slapshot by Greg Mauldin.
4:32 of 2nd period - Stopped by Brent Krahn without a rebound.
4:33 of 2nd period - Zac Dalpe wins face-off versus Adam Henrique in Influenza zone.
5:28 of 2nd period - Backhand shot by Cody McCormick.
5:28 of 2nd period - Stopped by Mike McKenna without a rebound.
5:29 of 2nd period - Ryan Carter wins face-off versus Nate Thompson in Tamiflu zone.
5:38 of 2nd period - Backhand shot by Noah Welch.
5:38 of 2nd period - Shot Blocked by Mike Brown.
5:40 of 2nd period - Slapshot by Noah Welch.
5:40 of 2nd period - Shot Misses the Net.
5:56 of 2nd period - Martins Karsums is hit by Radek Bonk and loses puck.
6:01 of 2nd period - Wrist shot by Jani Rita.
6:01 of 2nd period - Shot Misses the Net.
6:03 of 2nd period - Slapshot by Carson Mcmillan.
6:03 of 2nd period - Stopped by Brent Krahn with a rebound.
6:05 of 2nd period - Wrist shot by Radek Bonk.
6:05 of 2nd period - Shot Blocked by Jaime Sifers.
6:44 of 2nd period - Wrist shot by Cody McCormick.
6:44 of 2nd period - Stopped by Mike McKenna with a rebound.
7:15 of 2nd period - Wrist shot by Greg Mauldin.
7:15 of 2nd period - Shot Misses the Net.
7:19 of 2nd period - Slapshot by Petr Pohl.
7:19 of 2nd period - Goal by Petr Pohl - Influenza : 2 - Tamiflu : 2.
7:20 of 2nd period - Ryan Carter wins face-off versus Mike Brown in neutral zone.
7:27 of 2nd period - Wrist shot by Nate Thompson.
7:27 of 2nd period - Stopped by Brent Krahn with a rebound.
8:08 of 2nd period - David Clarkson is hit by Ryan Carter and loses puck.
8:18 of 2nd period - Minor Penalty to Jimmy Bonneau for Hooking.
8:19 of 2nd period - Blake Comeau wins face-off versus Nate Thompson in Influenza zone.
10:18 of 2nd period - Penalty to Jimmy Bonneau is over, Jimmy Bonneau is back on ice.
10:28 of 2nd period - Carl Gunnarsson is hit by Cody Goloubef and loses puck.
10:55 of 2nd period - Wrist shot by Ben Smith.
10:55 of 2nd period - Stopped by Mike McKenna with a rebound.
12:12 of 2nd period - Jimmy Bonneau is hit by Nate Thompson and loses puck.
12:59 of 2nd period - Jani Rita is hit by Cody McCormick.
13:37 of 2nd period - Jaime Sifers is hit by Greg Mauldin and loses puck.
13:54 of 2nd period - Nate Thompson is hit by Cody McCormick.
14:07 of 2nd period - Minor Penalty to Jan Mursak for Slashing.
14:08 of 2nd period - Radek Bonk wins face-off versus Ryan Carter in Tamiflu zone.
14:08 of 2nd period - Radek Bonk is hit by Jaime Sifers.
14:18 of 2nd period - Wrist shot by Radek Bonk.
14:18 of 2nd period - Shot Misses the Net.
14:34 of 2nd period - Wrist shot by Martins Karsums.
14:34 of 2nd period - Shot Blocked by Nathan Oystrick.
14:36 of 2nd period - Snap shot by Cody McCormick.
14:36 of 2nd period - Stopped by Mike McKenna with a rebound.
14:38 of 2nd period - Slapshot by Noah Welch.
14:38 of 2nd period - Shot Blocked by Nathan Oystrick.
14:40 of 2nd period - Slapshot by Jaime Sifers.
14:40 of 2nd period - Deflect By Cody McCormick.
14:40 of 2nd period - Stopped by Mike McKenna with a rebound.
14:42 of 2nd period - Slapshot by Jaime Sifers.
14:42 of 2nd period - Stopped by Mike McKenna with a rebound.
14:44 of 2nd period - Snap shot by Ryan Russell.
14:44 of 2nd period - Deflect By Cody McCormick.
14:44 of 2nd period - Deflect By Radek Bonk.
14:44 of 2nd period - Shot Blocked by Jonathan Sigalet.
14:44 of 2nd period - Puck is out of play.
14:45 of 2nd period - Ryan Carter wins face-off versus Nate Thompson in Tamiflu zone.
14:46 of 2nd period - Slapshot by Blake Comeau.
14:46 of 2nd period - Stopped by Mike McKenna with a rebound.
15:16 of 2nd period - Johan Fransson is hit by Cody McCormick and loses puck.
15:33 of 2nd period - Nathan Oystrick is hit by Alexander Sulzer and loses puck.
16:07 of 2nd period - Penalty to Jan Mursak is over, Jan Mursak is back on ice.
16:41 of 2nd period - Icing by Jimmy Bonneau.
16:42 of 2nd period - Radek Bonk wins face-off versus Jimmy Bonneau in Influenza zone.
16:45 of 2nd period - Wrist shot by Mike Brown.
16:45 of 2nd period - Stopped by Brent Krahn without a rebound.
16:46 of 2nd period - Ryan Carter wins face-off versus Nate Thompson in Influenza zone.
17:33 of 2nd period - Icing by Jonathan Sigalet.
17:34 of 2nd period - Adam Henrique wins face-off versus Marek Zagrapan in Tamiflu zone.
17:40 of 2nd period - Minor Penalty to Nathan Oystrick for Cross-checking.
17:41 of 2nd period - Ryan Carter wins face-off versus Radek Bonk in Tamiflu zone.
17:44 of 2nd period - Snap shot by Jaime Sifers.
17:44 of 2nd period - Goal by Jaime Sifers - Influenza : 3 - Tamiflu : 2.
17:45 of 2nd period - Nate Thompson wins face-off versus Ryan Carter in neutral zone.
18:30 of 2nd period - Slapshot by David Clarkson.
18:30 of 2nd period - Shot Misses the Net.
18:32 of 2nd period - Wrist shot by Adam Henrique.
18:32 of 2nd period - Shot Misses the Net.
18:34 of 2nd period - Wrist shot by David Clarkson.
18:34 of 2nd period - Shot Blocked by Adam Berti.
18:36 of 2nd period - Wrist shot by Nick Spaling.
18:36 of 2nd period - Stopped by Brent Krahn with a rebound.
18:38 of 2nd period - Wrist shot by David Clarkson.
18:38 of 2nd period - Stopped by Brent Krahn without a rebound.
18:39 of 2nd period - Nate Thompson wins face-off versus Ryan Carter in Influenza zone.
18:42 of 2nd period - Wrist shot by Alex Picard.
18:42 of 2nd period - Shot Blocked by Ryan Carter.
18:42 of 2nd period - Ryan Carter from Influenza is injured at 18:42 of 2nd period (Bruised Right Foot).
18:43 of 2nd period - Ben Smith wins face-off versus Nate Thompson in Influenza zone.
19:04 of 2nd period - Jaime Sifers is hit by Mike Brown and loses puck.
19:05 of 2nd period - Jaime Sifers from Influenza is injured at 19:05 of 2nd period (Sprained Left Knee).
19:06 of 2nd period - Nate Thompson wins face-off versus Ben Smith in Influenza zone.
19:47 of 2nd period - Blake Comeau is hit by Nick Spaling and loses puck.
19:59 of 2nd period - Minor Penalty to Cody Goloubef for Slashing.
3rd period
0:01 of 3rd period - Radek Bonk wins face-off versus Ben Smith in neutral zone.
0:21 of 3rd period - Jonathan Sigalet is hit by Carl Gunnarsson and loses puck.
1:59 of 3rd period - Penalty to Cody Goloubef is over, Cody Goloubef is back on ice.
2:08 of 3rd period - Wrist shot by Ben Smith.
2:08 of 3rd period - Shot Misses the Net.
2:18 of 3rd period - Greg Mauldin is hit by Brian Salcido and loses puck.
3:04 of 3rd period - Jamie McBain is hit by Mike Brown and loses puck.
3:37 of 3rd period - Cody McCormick is hit by Nick Spaling and loses puck.
3:52 of 3rd period - David Clarkson is hit by Jimmy Bonneau and loses puck.
4:18 of 3rd period - Noah Welch is hit by Nate Thompson and loses puck.
4:43 of 3rd period - Jani Rita is hit by Adam Berti and loses puck.
5:03 of 3rd period - Petr Pohl is hit by Martins Karsums.
5:17 of 3rd period - Alex Picard is hit by Zac Dalpe and loses puck.
5:35 of 3rd period - Nathan Oystrick is hit by Cody McCormick and loses puck.
7:56 of 3rd period - Ryan Russell is hit by Alex Picard and loses puck.
8:09 of 3rd period - Adam Berti is hit by Nathan Oystrick and loses puck.
9:00 of 3rd period - Slapshot by Cody Goloubef.
9:00 of 3rd period - Stopped by Brent Krahn with a rebound.
9:04 of 3rd period - Wrist shot by David Clarkson.
9:04 of 3rd period - Shot Blocked by Brian Salcido.
9:04 of 3rd period - Brian Salcido from Influenza is injured at 9:04 of 3rd period (Bruised Left Arm).
9:05 of 3rd period - Nate Thompson wins face-off versus Ben Smith in Influenza zone.
9:17 of 3rd period - Minor Penalty to Blake Comeau for High sticking.
9:18 of 3rd period - Nate Thompson wins face-off versus Zac Dalpe in Influenza zone.
9:19 of 3rd period - Wrist shot by Mike Brown.
9:19 of 3rd period - Shot Misses the Net.
9:21 of 3rd period - Slapshot by Nathan Oystrick.
9:21 of 3rd period - Stopped by Brent Krahn with a rebound.
9:23 of 3rd period - Wrist shot by Nate Thompson.
9:23 of 3rd period - Goal by Nate Thompson - Influenza : 3 - Tamiflu : 3.
9:24 of 3rd period - Ben Smith wins face-off versus Nate Thompson in neutral zone.
9:34 of 3rd period - Minor Penalty to Blake Comeau for Roughing.
9:35 of 3rd period - Zac Dalpe wins face-off versus Nate Thompson in Influenza zone.
11:34 of 3rd period - Penalty to Blake Comeau is over, Blake Comeau is back on ice.
11:49 of 3rd period - Nathan Oystrick is hit by Ryan Russell and loses puck.
12:02 of 3rd period - David Clarkson is hit by Ben Smith and loses puck.
12:19 of 3rd period - Jonathan Sigalet is hit by Adam Berti and loses puck.
12:34 of 3rd period - Robbie Earl is hit by David Clarkson and loses puck.
12:39 of 3rd period - Slapshot by Cody Goloubef.
12:39 of 3rd period - Deflect By Blake Comeau.
12:39 of 3rd period - Stopped by Brent Krahn without a rebound.
12:40 of 3rd period - Nate Thompson wins face-off versus Ben Smith in Influenza zone.
13:40 of 3rd period - Wrist shot by Blake Comeau.
13:40 of 3rd period - Stopped by Mike McKenna without a rebound.
13:41 of 3rd period - Nate Thompson wins face-off versus Ben Smith in Tamiflu zone.
13:41 of 3rd period - Nate Thompson is hit by Carl Gunnarsson.
13:47 of 3rd period - Slapshot by Kyle Lawson.
13:47 of 3rd period - Deflect By Alexander Sulzer.
13:47 of 3rd period - Stopped by Brent Krahn with a rebound.
13:49 of 3rd period - Wrist shot by Mike Brown.
13:49 of 3rd period - Shot Misses the Net.
13:51 of 3rd period - Slapshot by Nate Thompson.
13:51 of 3rd period - Stopped by Brent Krahn with a rebound.
13:53 of 3rd period - Snap shot by Alex Picard.
13:53 of 3rd period - Shot Blocked by Alexander Sulzer.
14:07 of 3rd period - Alexander Sulzer is hit by Cody Goloubef and loses puck.
14:16 of 3rd period - Snap shot by Jani Rita.
14:16 of 3rd period - Shot Blocked by Carl Gunnarsson.
14:46 of 3rd period - Wrist shot by Petr Pohl.
14:46 of 3rd period - Shot Misses the Net.
14:48 of 3rd period - Snap shot by Petr Pohl.
14:48 of 3rd period - Goal by Petr Pohl - Influenza : 3 - Tamiflu : 4.
14:49 of 3rd period - Cody McCormick wins face-off versus Mike Brown in neutral zone.
14:53 of 3rd period - Minor Penalty to Alex Picard for Slashing.
14:54 of 3rd period - Radek Bonk wins face-off versus Ben Smith in Tamiflu zone.
15:05 of 3rd period - Slapshot by Carl Gunnarsson.
15:05 of 3rd period - Deflect By Robbie Earl.
15:05 of 3rd period - Shot Misses the Net.
15:05 of 3rd period - Puck is out of play.
15:06 of 3rd period - Ben Smith wins face-off versus Radek Bonk in Tamiflu zone.
15:31 of 3rd period - Noah Welch is hit by Radek Bonk and loses puck.
15:42 of 3rd period - Snap shot by Noah Welch.
15:42 of 3rd period - Shot Misses the Net.
15:44 of 3rd period - Wrist shot by Cody McCormick.
15:44 of 3rd period - Stopped by Mike McKenna without a rebound.
15:45 of 3rd period - Cody McCormick wins face-off versus Colin Greening in Tamiflu zone.
15:54 of 3rd period - Snap shot by Martins Karsums.
15:54 of 3rd period - Shot Blocked by Jonathan Sigalet.
15:56 of 3rd period - Wrist shot by Cody McCormick.
15:56 of 3rd period - Goal by Cody McCormick - Influenza : 4 - Tamiflu : 4.
15:57 of 3rd period - Adam Henrique wins face-off versus Marek Zagrapan in neutral zone.
16:04 of 3rd period - Wrist shot by Adam Henrique.
16:04 of 3rd period - Stopped by Brent Krahn without a rebound.
16:05 of 3rd period - Adam Henrique wins face-off versus Adam Berti in Influenza zone.
16:18 of 3rd period - Slapshot by Adam Henrique.
16:18 of 3rd period - Shot Misses the Net.
16:20 of 3rd period - Snap shot by David Clarkson.
16:20 of 3rd period - Stopped by Brent Krahn with a rebound.
16:38 of 3rd period - Slapshot by Jamie McBain.
16:38 of 3rd period - Shot Misses the Net.
16:39 of 3rd period - Minor Penalty to Johan Fransson for Hooking.
16:40 of 3rd period - Robbie Earl wins face-off versus Radek Bonk in Tamiflu zone.
16:55 of 3rd period - Snap shot by Ben Smith.
16:55 of 3rd period - Shot Blocked by Radek Bonk.
17:11 of 3rd period - Nate Thompson is hit by Ryan Russell and loses puck.
18:28 of 3rd period - Radek Bonk is hit by Marek Zagrapan and loses puck.
18:39 of 3rd period - Penalty to Johan Fransson is over, Johan Fransson is back on ice.
18:53 of 3rd period - Cody McCormick is hit by David Clarkson and loses puck.
Overtime #1
0:01 of 1st overtime period - Nate Thompson wins face-off versus Blake Comeau in neutral zone.
0:04 of 1st overtime period - Snap shot by Alex Picard.
0:04 of 1st overtime period - Stopped by Brent Krahn with a rebound.
0:07 of 1st overtime period - Icing by Carl Gunnarsson.
0:08 of 1st overtime period - Nate Thompson wins face-off versus Blake Comeau in Influenza zone.
0:11 of 1st overtime period - Snap shot by Nate Thompson.
0:11 of 1st overtime period - Shot Blocked by Noah Welch.
0:17 of 1st overtime period - Snap shot by Blake Comeau.
0:17 of 1st overtime period - Shot Blocked by Nathan Oystrick.
0:19 of 1st overtime period - Wrist shot by Blake Comeau.
0:19 of 1st overtime period - Stopped by Mike McKenna without a rebound.
0:20 of 1st overtime period - Nate Thompson wins face-off versus Blake Comeau in Tamiflu zone.
1:28 of 1st overtime period - Noah Welch is hit by Petr Pohl and loses puck.
2:38 of 1st overtime period - Petr Pohl is hit by Ben Smith and loses puck.
2:48 of 1st overtime period - Icing by Carl Gunnarsson.
2:49 of 1st overtime period - Radek Bonk wins face-off versus Martins Karsums in Influenza zone.
3:17 of 1st overtime period - Blake Comeau is hit by Nate Thompson and loses puck.
3:50 of 1st overtime period - Snap shot by Zac Dalpe.
3:50 of 1st overtime period - Stopped by Mike McKenna without a rebound.
3:51 of 1st overtime period - Nate Thompson wins face-off versus Cody McCormick in Tamiflu zone.
4:00 of 1st overtime period - Slapshot by Noah Welch.
4:00 of 1st overtime period - Shot Misses the Net.
4:21 of 1st overtime period - Ben Smith is hit by Nathan Oystrick and loses puck.
ShootOut
5:00 of 1st overtime period - Penalty Shot by Blake Comeau for Influenza.
5:00 of 1st overtime period - Deke by Blake Comeau.
5:00 of 1st overtime period - Goal by Blake Comeau.
5:00 of 1st overtime period - Penalty Shot by Radek Bonk for Tamiflu.
5:00 of 1st overtime period - Wrist shot by Radek Bonk.
5:00 of 1st overtime period - Stopped by Brent Krahn.
5:00 of 1st overtime period - Penalty Shot by Robbie Earl for Influenza.
5:00 of 1st overtime period - Snap shot by Robbie Earl.
5:00 of 1st overtime period - Stopped by Mike McKenna.
5:00 of 1st overtime period - Penalty Shot by Jani Rita for Tamiflu.
5:00 of 1st overtime period - Wrist shot by Jani Rita.
5:00 of 1st overtime period - Shot Misses the Net.
5:00 of 1st overtime period - Penalty Shot by Martins Karsums for Influenza.
5:00 of 1st overtime period - Snap shot by Martins Karsums.
5:00 of 1st overtime period - Goal by Martins Karsums.
Output by the SimonT Hockey Simulator (STHS) for François Prévost -- Original Page W3C XHTML 1.0 Valid